WCHLSIM.com - West Coast Hockey League
html PUBLIC "-//W3C//DTD XHTML 1.0 Transitional//EN" "http://www.w3.org/TR/xhtml1/DTD/xhtml1-transitional.dtd"> WCHL - Game 1162 - BOISE CARIBOUS vs LOS ANGELES SEALS

BOISE CARIBOUS vs LOS ANGELES SEALS

Created - 2 avril 2024 at 21:01

Goals
1 2 3 T
BOISE CARIBOUS 0 0 2 2
LOS ANGELES SEALS 1 0 2 3
Shots
1 2 3 T
BOISE CARIBOUS 10 3 12 25
LOS ANGELES SEALS 13 12 2 27

1st period

1. LOS ANGELES SEALS , Blake Wheeler 28 (Matthew Boldy 25, Drew Doughty 38) at 18:45

Penalties :
Drew Doughty (LOS) for Roughing (Minor) at 2:29, Marc-Andre Fleury (LOS) for Slashing (Minor) at 2:41 - Noah Dobson served the penalty., Marcus Pettersson (BOI) for Cross-checking (Minor) at 6:28, Vincent Trocheck (BOI) for High sticking (Minor) at 8:49

2nd period

No Goal

Penalties :
Lawson Crouse (BOI) for Interference (Minor) at 17:53

3rd period

2. LOS ANGELES SEALS , Matthew Boldy 19 (Steven Stamkos 47, Brent Burns 43) at 4:21
3. BOISE CARIBOUS , Tim Stutzle 36 (Vincent Trocheck 47, Matt Duchene 33) at 7:03
4. BOISE CARIBOUS , Lawson Crouse 17 (Rasmus Dahlin 42) at 10:01
5. LOS ANGELES SEALS , Steven Stamkos 29 (Drew Doughty 39, Brent Burns 44) at 11:20

Penalties :
Rasmus Dahlin (BOI) for Holding (Minor) at 7:35

Goalie Stats

Ilya Sorokin (BOI), 24 saves from 27 shots - (0,889), L, 39-19-5, 58:31 minutes
Marc-Andre Fleury (LOS), 23 saves from 25 shots - (0,920), W, 28-14-3, 60:00 minutes

Players Stats for BOISE CARIBOUS

Player Name              G  A  P  +/- PIM S  H  SB GA TA FO     MP     PP MP  PK MP  
------------------------------------------------------------------------------------
Andrew Cogliano          0  0  0  -1  0   0  0  0  0  0  0/0     4:10   0:00   0:00 
Artturi Lehkonen         0  0  0  -1  0   2  0  1  0  0  0/0    21:22   1:33   4:10 
Charlie Coyle            0  0  0  -1  0   2  0  2  0  0  1/1    20:03   0:38   3:46 
Dylan DeMelo             0  0  0   0  0   0  2  1  0  0  0/0    13:31   0:00   0:00 
Gabriel Vilardi          0  0  0   0  0   2  1  0  0  0  6/12   12:39   0:00   0:00 
Jean-Gabriel Pageau      0  0  0  -1  0   4  1  0  0  0  15/26  20:27   0:38   4:10 
Jesperi Kotkaniemi       0  0  0  -1  0   1  0  0  0  0  5/7     4:42   0:00   0:15 
Kaapo Kakko              0  0  0  -1  0   2  0  0  0  0  0/1     4:48   0:38   0:00 
Lawson Crouse            1  0  1   0  2   2  2  0  0  0  3/6    13:55   0:38   0:56 
Marcus Pettersson        0  0  0  -1  2   0  1  2  0  0  0/0    20:05   0:00   2:37 
Matt Duchene             0  1  1   1  0   1  0  1  0  0  0/2    18:58   1:33   0:00 
Moritz Seider            0  0  0  -1  0   0  3  3  0  0  0/0    22:18   0:38   4:03 
Olli Maatta              0  0  0   0  0   0  0  0  0  0  0/0    15:15   0:00   2:23 
Phil Kessel              0  0  0   0  0   1  0  0  0  0  0/1    12:39   0:00   0:00 
Rasmus Andersson         0  0  0   0  0   0  0  0  0  0  0/0    22:44   0:00   3:42 
Rasmus Dahlin            0  1  1   0  2   3  1  3  0  0  0/0    23:54   1:33   3:07 
Tim Stutzle              1  0  1   1  0   3  2  0  0  0  0/1    18:58   1:33   0:00 
Vincent Trocheck         0  1  1   1  2   2  0  1  0  0  16/25  21:32   1:33   2:35 

Players Stats for LOS ANGELES SEALS

Player Name              G  A  P  +/- PIM S  H  SB GA TA FO     MP     PP MP  PK MP  
------------------------------------------------------------------------------------
Alex Goligoski           0  0  0  -2  0   0  1  2  0  0  0/0    15:19   0:09   0:30 
Blake Wheeler            1  0  1   3  0   3  1  0  0  0  1/1    19:20   3:35   0:00 
Brandon Carlo            0  0  0  -2  0   0  1  3  0  0  0/0    15:18   0:00   0:38 
Brent Burns              0  2  2   3  0   1  2  1  0  0  0/0    22:34   4:02   1:36 
Claude Giroux            0  0  0   0  0   0  0  0  0  0  0/1    21:53   4:21   0:00 
David Krejci             0  0  0   0  0   3  3  0  0  0  7/24   18:26   0:00   0:54 
Drew Doughty             0  2  2   3  2   4  2  0  0  0  0/0    20:47   3:45   0:07 
Gustav Forsling          0  0  0   0  0   0  2  1  0  0  0/0    23:30   3:54   1:19 
Jake Evans               0  0  0   0  0   0  1  0  0  0  1/1     5:13   0:00   0:00 
Jordan Staal             0  0  0  -2  0   0  1  0  0  0  9/17   12:28   0:00   1:05 
Mason McTavish           0  0  0   0  0   1  0  0  0  0  3/11    8:48   3:35   0:00 
Matthew Boldy            1  1  2   3  0   3  0  0  0  0  0/1    19:20   3:35   0:00 
Nikita Kucherov          0  0  0   0  0   2  1  0  0  0  1/1    21:53   4:21   0:00 
Noah Cates               0  0  0   0  0   1  1  0  0  0  0/0     5:33   0:00   0:20 
Noah Dobson              0  0  0   0  0   1  2  1  0  0  0/0    22:31   4:02   0:12 
Owen Tippett             0  0  0  -2  0   3  0  0  0  0  0/1    11:23   0:00   0:00 
Steven Stamkos           1  1  2   3  0   3  1  1  0  0  14/23  20:06   4:21   0:00 
Zach Parise              0  0  0  -2  0   2  0  0  0  0  0/1    11:39   0:00   0:16 

3 Stars

1 - Steven Stamkos (LOS)
2 - Matthew Boldy (LOS)
3 - Brent Burns (LOS)

Power Play

BOISE CARIBOUS - 0 on 2 Attempt(s) - 0,00%
LOS ANGELES SEALS - 0 on 4 Attempt(s) - 0,00%

Penalty Kill

BOISE CARIBOUS - 4 on 4 Attempt(s) - 100,00% - Score 0 goal in Penalty Kill
LOS ANGELES SEALS - 2 on 2 Attempt(s) - 100,00% - Score 0 goal in Penalty Kill

Team Stat

BOISE CARIBOUS - Hits : 13 - Faceoff Wins : 46 - Blocked Shots : 14 - Penalty Minutes : 8
LOS ANGELES SEALS - Hits : 19 - Faceoff Wins : 36 - Blocked Shots : 9 - Penalty Minutes : 4

Official

Referees : Wes McCauley and Trevor Hanson
Linesman : Jim Harper and Dennis Urban

Game Notes

No Game Note

Finance

Level 1 -- Attendance: 6000 (100,00%) -- Ticket Income 900 000 $
Level 2 -- Attendance: 5000 (100,00%) -- Ticket Income 495 000 $
Level 3 -- Attendance: 2000 (100,00%) -- Ticket Income 168 000 $
Level 4 -- Attendance: 3418 (85,45%) -- Ticket Income 273 440 $
Luxury Box -- Attendance: 1000 (100,00%) -- Ticket Income 300 000 $
Total Attendance: 17418 (96,77%)
Total Ticket Income: 2 136 440 $
Other Expense: 21 364 $
Total Income: 2 115 076 $

BOISE CARIBOUS

5 vs 5 Forward 
   Center                   Left Wing                Right Wing               Time % Phy DF OF 
 1 Vincent Trocheck         Tim Stutzle              Matt Duchene             33     0   2  3  
 2 Jean-Gabriel Pageau      Artturi Lehkonen         Charlie Coyle            32     1   2  2  
 3 Gabriel Vilardi          Lawson Crouse            Phil Kessel              25     1   2  2  
 4 Jesperi Kotkaniemi       Andrew Cogliano          Kaapo Kakko              10     2   2  1  

5 vs 5 Defense 
   Defense                  Defense                                           Time % Phy DF OF 
 1 Rasmus Dahlin            Rasmus Andersson                                  36     1   2  2  
 2 Marcus Pettersson        Moritz Seider                                     36     1   2  2  
 3 Olli Maatta              Dylan DeMelo                                      28     1   3  1  
 4 Marcus Pettersson        Dylan DeMelo                                      0      0   5  0  

PowerPlay Forward 
   Center                   Left Wing                Right Wing               Time % Phy DF OF 
 1 Vincent Trocheck         Tim Stutzle              Artturi Lehkonen         65     0   1  4  
 2 Jean-Gabriel Pageau      Lawson Crouse            Charlie Coyle            35     0   1  4  

PowerPlay Defense
   Defense                  Defense                                           Time % Phy DF OF 
 1 Rasmus Dahlin            Matt Duchene                                      60     0   1  4  
 2 Kaapo Kakko              Moritz Seider                                     40     0   2  3  

Penalty Kill 4 Players Forward 
   Center                   Wing                     Time % Phy DF OF 
 1 Vincent Trocheck         Charlie Coyle            50     0   4  1  
 2 Jean-Gabriel Pageau      Artturi Lehkonen         50     0   4  1  

Penalty Kill 4 Players Defense
   Defense                  Defense                  Time % Phy DF OF 
 1 Moritz Seider            Rasmus Andersson         55     1   4  0  
 2 Rasmus Dahlin            Marcus Pettersson        45     1   3  1  

Penalty Kill - 3 Players Forward 
   Forward                                           Time % Phy DF OF 
 1 Jesperi Kotkaniemi                                55     1   2  2  
 2 Kaapo Kakko                                       45     1   2  2  

Penalty Kill - 3 Players Defense
   Defense                  Defense                  Time % Phy DF OF 
 1 Olli Maatta              Marcus Pettersson        55     1   2  2  
 2 Rasmus Andersson         Moritz Seider            45     1   2  2  

4 vs 4 Forward 
   Center                   Wing                     Time % Phy DF OF 
 1 Jesperi Kotkaniemi       Tim Stutzle              55     1   2  2  
 2 Charlie Coyle            Gabriel Vilardi          45     1   2  2  

4 vs 4 Defense
   Defense                  Defense                  Time % Phy DF OF 
 1 Rasmus Dahlin            Rasmus Andersson         55     1   2  2  
 2 Dylan DeMelo             Olli Maatta              45     1   2  2  

Last Minutes Offensive
   Center                   Left Wing                Right Wing               Defense                  Defense                  
   Vincent Trocheck         Tim Stutzle              Matt Duchene             Rasmus Dahlin            Moritz Seider            

Last Minutes Defensive
   Center                   Left Wing                Right Wing               Defense                  Defense                  
   Jean-Gabriel Pageau      Artturi Lehkonen         Charlie Coyle            Rasmus Dahlin            Rasmus Andersson         

Goaltenders
Starting : Ilya Sorokin             
Backup : Brian Elliott            

Extra Forwards
Normal : Matt Duchene, Gabriel Vilardi, Tim Stutzle - PP : Vincent Trocheck, Tim Stutzle - PK : Lawson Crouse
Extra Defensemen
Normal : Dylan DeMelo, Marcus Pettersson, Moritz Seider - PP : Dylan DeMelo - PK : Marcus Pettersson, Olli Maatta
Penalty Shots
Tim Stutzle, Artturi Lehkonen, Vincent Trocheck, Matt Duchene, Lawson Crouse
Custom OT Lines Forwards
Tim Stutzle, Artturi Lehkonen, Vincent Trocheck, Charlie Coyle, Kaapo Kakko, Matt Duchene, Lawson Crouse, Gabriel Vilardi, Phil Kessel, Jesperi Kotkaniemi
Custom OT Lines Defensemen
Rasmus Dahlin, Rasmus Andersson, Moritz Seider, Olli Maatta, Dylan DeMelo

Scratches
Pavel Mintyukov (Healthy), Nick Schmaltz (Broken Left Thumb Injury), Kirill Marchenko (Healthy), Troy Stecher (Healthy)

LOS ANGELES SEALS

5 vs 5 Forward 
   Center                   Left Wing                Right Wing               Time % Phy DF OF 
 1 David Krejci             Claude Giroux            Nikita Kucherov          36     1   2  2  
 2 Steven Stamkos           Matthew Boldy            Blake Wheeler            31     0   2  2  
 3 Jordan Staal             Owen Tippett             Zach Parise              22     0   3  2  
 4 Mason McTavish           Noah Cates               Jake Evans               11     3   2  0  

5 vs 5 Defense 
   Defense                  Defense                                           Time % Phy DF OF 
 1 Drew Doughty             Brent Burns                                       38     2   2  1  
 2 Noah Dobson              Gustav Forsling                                   38     0   3  2  
 3 Brandon Carlo            Alex Goligoski                                    17     1   4  0  
 4 Drew Doughty             Brent Burns                                       7      1   2  2  

PowerPlay Forward 
   Center                   Left Wing                Right Wing               Time % Phy DF OF 
 1 Steven Stamkos           Claude Giroux            Nikita Kucherov          55     0   0  5  
 2 Mason McTavish           Matthew Boldy            Blake Wheeler            45     0   0  5  

PowerPlay Defense
   Defense                  Defense                                           Time % Phy DF OF 
 1 Noah Dobson              Brent Burns                                       55     0   2  3  
 2 Gustav Forsling          Drew Doughty                                      45     0   2  3  

Penalty Kill 4 Players Forward 
   Center                   Wing                     Time % Phy DF OF 
 1 Jordan Staal             Zach Parise              55     0   5  0  
 2 David Krejci             Noah Cates               45     0   5  0  

Penalty Kill 4 Players Defense
   Defense                  Defense                  Time % Phy DF OF 
 1 Brandon Carlo            Gustav Forsling          55     0   5  0  
 2 Brent Burns              Noah Dobson              45     0   5  0  

Penalty Kill - 3 Players Forward 
   Forward                                           Time % Phy DF OF 
 1 Jordan Staal                                      55     0   5  0  
 2 David Krejci                                      45     0   5  0  

Penalty Kill - 3 Players Defense
   Defense                  Defense                  Time % Phy DF OF 
 1 Noah Dobson              Gustav Forsling          55     0   5  0  
 2 Brent Burns              Brandon Carlo            45     0   5  0  

4 vs 4 Forward 
   Center                   Wing                     Time % Phy DF OF 
 1 Steven Stamkos           Claude Giroux            55     1   2  2  
 2 David Krejci             Nikita Kucherov          45     1   2  2  

4 vs 4 Defense
   Defense                  Defense                  Time % Phy DF OF 
 1 Noah Dobson              Brent Burns              55     1   2  2  
 2 Drew Doughty             Gustav Forsling          45     1   2  2  

Last Minutes Offensive
   Center                   Left Wing                Right Wing               Defense                  Defense                  
   Claude Giroux            Steven Stamkos           Nikita Kucherov          Noah Dobson              Brent Burns              

Last Minutes Defensive
   Center                   Left Wing                Right Wing               Defense                  Defense                  
   Claude Giroux            Steven Stamkos           Blake Wheeler            Drew Doughty             Brent Burns              

Goaltenders
Starting : Marc-Andre Fleury        
Backup : Jeremy Swayman           

Extra Forwards
Normal : Matthew Boldy, Owen Tippett, Noah Cates - PP : Matthew Boldy, Owen Tippett - PK : Noah Cates
Extra Defensemen
Normal : Drew Doughty, Brent Burns, Noah Dobson - PP : Drew Doughty - PK : Brent Burns, Noah Dobson
Penalty Shots
Nikita Kucherov, Claude Giroux, David Krejci, Steven Stamkos, Matthew Boldy
Custom OT Lines Forwards
Nikita Kucherov, Claude Giroux, David Krejci, Blake Wheeler, Mason McTavish, Zach Parise, Steven Stamkos, Matthew Boldy, Owen Tippett, Noah Cates
Custom OT Lines Defensemen
Brandon Carlo, Gustav Forsling, Noah Dobson, Brent Burns, Drew Doughty

Scratches
Philip Tomasino (Healthy), Joonas Korpisalo (Healthy)

% Time on Ice - BOISE CARIBOUS

Lines # - Real PCT - Wanted PCT - Time Play
Normal Forward
1 - 35% - 33% - 17:12
2 - 32% - 32% - 15:39
3 - 25% - 25% - 12:22
4 - 8% - 10% - 4:10
Normal Defense
1 - 39% - 36% - 19:02
2 - 35% - 36% - 17:07
3 - 26% - 28% - 12:52
4 - 1% - 0% - 0:22
PP Forward
1 - 71% - 65% - 1:33
2 - 29% - 35% - 0:38
PP Defense
1 - 71% - 60% - 1:33
2 - 29% - 40% - 0:38
PK Forward
1 - 47% - 50% - 3:46
2 - 53% - 50% - 4:10
PK Defense
1 - 47% - 55% - 3:42
2 - 53% - 45% - 4:14
PK3 Forward
1 - 0% - 55%
2 - 0% - 45%
PK3 Defense
1 - 0% - 55%
2 - 0% - 45%
44 Forward
1 - 0% - 55%
2 - 0% - 45%
44 Defense
1 - 0% - 55%
2 - 0% - 45%
Last Minute Offensive  - 0:30
Last Minute Defensive  - 0:00
Total
Forward - 60:00
Defense - 60:00

% Time on Ice - LOS ANGELES SEALS

Lines # - Real PCT - Wanted PCT - Time Play
Normal Forward
1 - 35% - 36% - 17:32
2 - 32% - 31% - 15:45
3 - 23% - 22% - 11:23
4 - 10% - 11% - 5:13
Normal Defense
1 - 34% - 38% - 16:56
2 - 37% - 38% - 18:17
3 - 29% - 17% - 14:40
4 - 0% - 7% - 0:00
PP Forward
1 - 55% - 55% - 4:21
2 - 45% - 45% - 3:35
PP Defense
1 - 51% - 55% - 4:02
2 - 49% - 45% - 3:54
PK Forward
1 - 67% - 55% - 0:16
2 - 33% - 45% - 0:08
PK Defense
1 - 21% - 55% - 0:05
2 - 79% - 45% - 0:19
PK3 Forward
1 - 57% - 55% - 1:01
2 - 43% - 45% - 0:46
PK3 Defense
1 - 69% - 55% - 1:14
2 - 31% - 45% - 0:33
44 Forward
1 - 0% - 55%
2 - 0% - 45%
44 Defense
1 - 0% - 55%
2 - 0% - 45%
Last Minute Offensive  - 0:00
Last Minute Defensive  - 0:00
Total
Forward - 60:00
Defense - 60:00

Play-by-Play

1st period


0:01 of 1st period - David Krejci wins face-off versus Vincent Trocheck in neutral zone.
0:08 of 1st period - Shot by Claude Giroux.
0:08 of 1st period - Shot Misses the Net.
0:26 of 1st period - Shot by Claude Giroux.
0:26 of 1st period - Shot Misses the Net.
0:34 of 1st period - Shot by Nikita Kucherov.
0:34 of 1st period - Shot Misses the Net.
0:36 of 1st period - Shot by Claude Giroux.
0:36 of 1st period - Shot Misses the Net.
0:38 of 1st period - Shot by Drew Doughty.
0:38 of 1st period - Stopped by Ilya Sorokin without a rebound.
0:39 of 1st period - Steven Stamkos wins face-off versus Jean-Gabriel Pageau in BOISE CARIBOUS zone.
0:51 of 1st period - Matthew Boldy is hit by Moritz Seider and loses puck.
1:18 of 1st period - Shot by Jean-Gabriel Pageau.
1:18 of 1st period - Stopped by Marc-Andre Fleury without a rebound.
1:19 of 1st period - Jordan Staal wins face-off versus Gabriel Vilardi in LOS ANGELES SEALS zone.
1:26 of 1st period - Shot by Owen Tippett.
1:26 of 1st period - Stopped by Ilya Sorokin without a rebound.
1:27 of 1st period - Gabriel Vilardi wins face-off versus Jordan Staal in BOISE CARIBOUS zone.
2:00 of 1st period - Shot by Phil Kessel.
2:00 of 1st period - Deflect By Gabriel Vilardi.
2:00 of 1st period - Shot Misses the Net.
2:29 of 1st period - Minor Penalty to Drew Doughty for Roughing.
2:30 of 1st period - Vincent Trocheck wins face-off versus David Krejci in LOS ANGELES SEALS zone.
2:37 of 1st period - Shot by Tim Stutzle.
2:37 of 1st period - Stopped by Marc-Andre Fleury without a rebound.
2:38 of 1st period - Vincent Trocheck wins face-off versus Jordan Staal in LOS ANGELES SEALS zone.
2:39 of 1st period - Shot by Rasmus Dahlin.
2:39 of 1st period - Stopped by Marc-Andre Fleury with a rebound.
2:41 of 1st period - Shot by Rasmus Dahlin.
2:41 of 1st period - Stopped by Marc-Andre Fleury without a rebound.
2:41 of 1st period - Minor Penalty to Marc-Andre Fleury for Slashing.
2:42 of 1st period - Jordan Staal wins face-off versus Tim Stutzle in LOS ANGELES SEALS zone.
3:07 of 1st period - Shot by Vincent Trocheck.
3:07 of 1st period - Shot Misses the Net.
4:16 of 1st period - Shot by Kaapo Kakko.
4:16 of 1st period - Stopped by Marc-Andre Fleury without a rebound.
4:17 of 1st period - Vincent Trocheck wins face-off versus David Krejci in LOS ANGELES SEALS zone.
4:45 of 1st period - Shot by Tim Stutzle.
4:45 of 1st period - Shot Misses the Net.
4:55 of 1st period - Shot by Gabriel Vilardi.
4:55 of 1st period - Shot Blocked by Alex Goligoski.
5:18 of 1st period - Shot by Lawson Crouse.
5:18 of 1st period - Shot Misses the Net.
5:40 of 1st period - Shot by Nikita Kucherov.
5:40 of 1st period - Shot Misses the Net.
5:42 of 1st period - Shot by Claude Giroux.
5:42 of 1st period - Deflect By Nikita Kucherov.
5:42 of 1st period - Shot Blocked by Dylan DeMelo.
5:44 of 1st period - Shot by David Krejci.
5:44 of 1st period - Stopped by Ilya Sorokin without a rebound.
5:45 of 1st period - Jesperi Kotkaniemi wins face-off versus Mason McTavish in BOISE CARIBOUS zone.
5:45 of 1st period - Jesperi Kotkaniemi is hit by Jake Evans.
6:14 of 1st period - Noah Cates is hit by Marcus Pettersson and loses puck.
6:20 of 1st period - Noah Cates is hit by Moritz Seider and loses puck.
6:28 of 1st period - Minor Penalty to Marcus Pettersson for Cross-checking.
6:29 of 1st period - Vincent Trocheck wins face-off versus Steven Stamkos in BOISE CARIBOUS zone.
8:33 of 1st period - Zach Parise is hit by Dylan DeMelo and loses puck.
8:44 of 1st period - Shot by Vincent Trocheck.
8:44 of 1st period - Shot Blocked by Brandon Carlo.
8:49 of 1st period - Minor Penalty to Vincent Trocheck for High sticking.
8:50 of 1st period - Steven Stamkos wins face-off versus Lawson Crouse in BOISE CARIBOUS zone.
8:55 of 1st period - Shot by Nikita Kucherov.
8:55 of 1st period - Shot Misses the Net.
8:57 of 1st period - Shot by Brent Burns.
8:57 of 1st period - Stopped by Ilya Sorokin without a rebound.
8:58 of 1st period - Mason McTavish wins face-off versus Lawson Crouse in BOISE CARIBOUS zone.
8:58 of 1st period - Mason McTavish is hit by Moritz Seider.
9:00 of 1st period - Shot by Blake Wheeler.
9:00 of 1st period - Shot Misses the Net.
9:02 of 1st period - Shot by Blake Wheeler.
9:02 of 1st period - Shot Misses the Net.
9:45 of 1st period - Off-side.
9:46 of 1st period - Steven Stamkos wins face-off versus Jean-Gabriel Pageau in neutral zone.
9:53 of 1st period - Shot by Noah Dobson.
9:53 of 1st period - Shot Blocked by Moritz Seider.
9:55 of 1st period - Shot by Brent Burns.
9:55 of 1st period - Shot Misses the Net.
9:57 of 1st period - Shot by Steven Stamkos.
9:57 of 1st period - Stopped by Ilya Sorokin without a rebound.
9:58 of 1st period - Lawson Crouse wins face-off versus Steven Stamkos in BOISE CARIBOUS zone.
10:23 of 1st period - Rasmus Andersson is hit by Nikita Kucherov and loses puck.
10:46 of 1st period - Shot by Steven Stamkos.
10:46 of 1st period - Shot Blocked by Rasmus Dahlin.
10:55 of 1st period - Off-side.
10:56 of 1st period - Jordan Staal wins face-off versus Vincent Trocheck in neutral zone.
10:56 of 1st period - Jordan Staal is hit by Tim Stutzle.
11:02 of 1st period - Shot by Zach Parise.
11:02 of 1st period - Stopped by Ilya Sorokin without a rebound.
11:03 of 1st period - Jordan Staal wins face-off versus Jean-Gabriel Pageau in BOISE CARIBOUS zone.
11:03 of 1st period - Jordan Staal is hit by Rasmus Dahlin.
11:05 of 1st period - Shot by Zach Parise.
11:05 of 1st period - Stopped by Ilya Sorokin without a rebound.
11:06 of 1st period - Jean-Gabriel Pageau wins face-off versus Jordan Staal in BOISE CARIBOUS zone.
11:11 of 1st period - Shot by Rasmus Dahlin.
11:11 of 1st period - Stopped by Marc-Andre Fleury without a rebound.
11:12 of 1st period - Jean-Gabriel Pageau wins face-off versus David Krejci in LOS ANGELES SEALS zone.
11:52 of 1st period - Shot by Artturi Lehkonen.
11:52 of 1st period - Shot Misses the Net.
12:37 of 1st period - Icing by Gustav Forsling.
12:38 of 1st period - Steven Stamkos wins face-off versus Gabriel Vilardi in LOS ANGELES SEALS zone.
13:19 of 1st period - Phil Kessel is hit by Gustav Forsling and loses puck.
13:38 of 1st period - Shot by Vincent Trocheck.
13:38 of 1st period - Shot Misses the Net.
13:46 of 1st period - Shot by Vincent Trocheck.
13:46 of 1st period - Stopped by Marc-Andre Fleury without a rebound.
13:47 of 1st period - Jean-Gabriel Pageau wins face-off versus Claude Giroux in LOS ANGELES SEALS zone.
14:03 of 1st period - Shot by Nikita Kucherov.
14:03 of 1st period - Stopped by Ilya Sorokin without a rebound.
14:04 of 1st period - Vincent Trocheck wins face-off versus Jordan Staal in BOISE CARIBOUS zone.
14:19 of 1st period - Shot by Vincent Trocheck.
14:19 of 1st period - Stopped by Marc-Andre Fleury without a rebound.
14:20 of 1st period - Charlie Coyle wins face-off versus David Krejci in LOS ANGELES SEALS zone.
14:29 of 1st period - Shot by Nikita Kucherov.
14:29 of 1st period - Stopped by Ilya Sorokin without a rebound.
14:30 of 1st period - Jean-Gabriel Pageau wins face-off versus David Krejci in BOISE CARIBOUS zone.
14:48 of 1st period - Icing by David Krejci.
14:49 of 1st period - Nikita Kucherov wins face-off versus Vincent Trocheck in LOS ANGELES SEALS zone.
15:43 of 1st period - Shot by Steven Stamkos.
15:43 of 1st period - Shot Blocked by Marcus Pettersson.
15:45 of 1st period - Shot by Drew Doughty.
15:45 of 1st period - Shot Misses the Net.
16:32 of 1st period - Icing by Matt Duchene.
16:33 of 1st period - Vincent Trocheck wins face-off versus Jordan Staal in BOISE CARIBOUS zone.
16:51 of 1st period - Icing by Rasmus Dahlin.
16:52 of 1st period - David Krejci wins face-off versus Jean-Gabriel Pageau in BOISE CARIBOUS zone.
17:41 of 1st period - Shot by Jean-Gabriel Pageau.
17:41 of 1st period - Stopped by Marc-Andre Fleury without a rebound.
17:42 of 1st period - Steven Stamkos wins face-off versus Phil Kessel in LOS ANGELES SEALS zone.
17:42 of 1st period - Steven Stamkos is hit by Lawson Crouse.
18:00 of 1st period - Shot by Blake Wheeler.
18:00 of 1st period - Stopped by Ilya Sorokin without a rebound.
18:01 of 1st period - Jordan Staal wins face-off versus Jesperi Kotkaniemi in BOISE CARIBOUS zone.
18:13 of 1st period - Shot by Jesperi Kotkaniemi.
18:13 of 1st period - Stopped by Marc-Andre Fleury without a rebound.
18:14 of 1st period - Lawson Crouse wins face-off versus Steven Stamkos in LOS ANGELES SEALS zone.
18:45 of 1st period - Shot by Blake Wheeler.
18:45 of 1st period - Goal by Blake Wheeler - BOISE CARIBOUS : 0 - LOS ANGELES SEALS : 1.
18:46 of 1st period - David Krejci wins face-off versus Jean-Gabriel Pageau in neutral zone.
18:59 of 1st period - Shot by Nikita Kucherov.
18:59 of 1st period - Shot Blocked by Artturi Lehkonen.
19:04 of 1st period - Off-side.
19:05 of 1st period - Vincent Trocheck wins face-off versus Jordan Staal in neutral zone.
19:07 of 1st period - Matt Duchene is hit by Brent Burns.
19:13 of 1st period - Shot by Drew Doughty.
19:13 of 1st period - Shot Misses the Net.
19:15 of 1st period - Shot by Owen Tippett.
19:15 of 1st period - Stopped by Ilya Sorokin with a rebound.
19:17 of 1st period - Shot by Owen Tippett.
19:17 of 1st period - Shot Blocked by Vincent Trocheck.
19:19 of 1st period - Shot by Drew Doughty.
19:19 of 1st period - Stopped by Ilya Sorokin without a rebound.
19:20 of 1st period - David Krejci wins face-off versus Jean-Gabriel Pageau in BOISE CARIBOUS zone.
19:59 of 1st period - Shot by Nikita Kucherov.
19:59 of 1st period - Shot Blocked by Charlie Coyle.
Goals for this period are 0 for BOISE CARIBOUS vs 1 for LOS ANGELES SEALS.
Shots for this period are 10 for BOISE CARIBOUS vs 13 for LOS ANGELES SEALS.

2nd period


0:01 of 2nd period - Vincent Trocheck wins face-off versus David Krejci in neutral zone.
0:24 of 2nd period - Off-side.
0:25 of 2nd period - Jean-Gabriel Pageau wins face-off versus Steven Stamkos in neutral zone.
1:01 of 2nd period - Off-side.
1:02 of 2nd period - Vincent Trocheck wins face-off versus David Krejci in neutral zone.
1:09 of 2nd period - Tim Stutzle is hit by David Krejci and loses puck.
2:08 of 2nd period - Shot by Lawson Crouse.
2:08 of 2nd period - Stopped by Marc-Andre Fleury without a rebound.
2:09 of 2nd period - Jean-Gabriel Pageau wins face-off versus Steven Stamkos in LOS ANGELES SEALS zone.
2:34 of 2nd period - Shot by Steven Stamkos.
2:34 of 2nd period - Stopped by Ilya Sorokin without a rebound.
2:35 of 2nd period - Gabriel Vilardi wins face-off versus Jordan Staal in BOISE CARIBOUS zone.
2:46 of 2nd period - Moritz Seider is hit by Jordan Staal and loses puck.
2:57 of 2nd period - Shot by Owen Tippett.
2:57 of 2nd period - Deflect By Zach Parise.
2:57 of 2nd period - Shot Misses the Net.
2:59 of 2nd period - Shot by Owen Tippett.
2:59 of 2nd period - Stopped by Ilya Sorokin without a rebound.
3:00 of 2nd period - Mason McTavish wins face-off versus Jean-Gabriel Pageau in BOISE CARIBOUS zone.
3:13 of 2nd period - Shot by Mason McTavish.
3:13 of 2nd period - Stopped by Ilya Sorokin without a rebound.
3:14 of 2nd period - Steven Stamkos wins face-off versus Vincent Trocheck in BOISE CARIBOUS zone.
3:17 of 2nd period - Shot by Steven Stamkos.
3:17 of 2nd period - Shot Blocked by Marcus Pettersson.
4:01 of 2nd period - Shot by Tim Stutzle.
4:01 of 2nd period - Stopped by Marc-Andre Fleury without a rebound.
4:02 of 2nd period - Jean-Gabriel Pageau wins face-off versus David Krejci in LOS ANGELES SEALS zone.
4:02 of 2nd period - Jean-Gabriel Pageau is hit by Gustav Forsling.
4:11 of 2nd period - Artturi Lehkonen is hit by Noah Dobson and loses puck.
5:02 of 2nd period - Shot by Owen Tippett.
5:02 of 2nd period - Deflect By Zach Parise.
5:02 of 2nd period - Shot Misses the Net.
5:07 of 2nd period - Icing by Rasmus Dahlin.
5:08 of 2nd period - Jean-Gabriel Pageau wins face-off versus Mason McTavish in BOISE CARIBOUS zone.
5:08 of 2nd period - Rasmus Dahlin is hit by Noah Cates and loses puck.
5:15 of 2nd period - Shot by Mason McTavish.
5:15 of 2nd period - Shot Misses the Net.
5:19 of 2nd period - Shot by Noah Cates.
5:19 of 2nd period - Stopped by Ilya Sorokin with a rebound.
5:21 of 2nd period - Shot by Noah Cates.
5:21 of 2nd period - Shot Blocked by Rasmus Dahlin.
5:23 of 2nd period - Shot by Drew Doughty.
5:23 of 2nd period - Stopped by Ilya Sorokin without a rebound.
5:24 of 2nd period - Jordan Staal wins face-off versus Gabriel Vilardi in BOISE CARIBOUS zone.
5:39 of 2nd period - Zach Parise is hit by Lawson Crouse and loses puck.
5:47 of 2nd period - Icing by Alex Goligoski.
5:48 of 2nd period - Jordan Staal wins face-off versus Matt Duchene in LOS ANGELES SEALS zone.
5:53 of 2nd period - Shot by Jordan Staal.
5:53 of 2nd period - Shot Blocked by Moritz Seider.
6:18 of 2nd period - Shot by Zach Parise.
6:18 of 2nd period - Shot Misses the Net.
6:28 of 2nd period - Marcus Pettersson is hit by Steven Stamkos and loses puck.
7:06 of 2nd period - Icing by Marcus Pettersson.
7:07 of 2nd period - David Krejci wins face-off versus Vincent Trocheck in BOISE CARIBOUS zone.
7:10 of 2nd period - Shot by Nikita Kucherov.
7:10 of 2nd period - Shot Misses the Net.
7:12 of 2nd period - Shot by Claude Giroux.
7:12 of 2nd period - Shot Misses the Net.
7:14 of 2nd period - Shot by Claude Giroux.
7:14 of 2nd period - Shot Blocked by Moritz Seider.
7:19 of 2nd period - Shot by Claude Giroux.
7:19 of 2nd period - Shot Misses the Net.
7:21 of 2nd period - Shot by David Krejci.
7:21 of 2nd period - Stopped by Ilya Sorokin without a rebound.
7:22 of 2nd period - Jake Evans wins face-off versus Gabriel Vilardi in BOISE CARIBOUS zone.
7:36 of 2nd period - Icing by Rasmus Dahlin.
7:37 of 2nd period - Gabriel Vilardi wins face-off versus David Krejci in BOISE CARIBOUS zone.
7:39 of 2nd period - Icing by Rasmus Dahlin.
7:40 of 2nd period - Lawson Crouse wins face-off versus David Krejci in BOISE CARIBOUS zone.
8:14 of 2nd period - Shot by David Krejci.
8:14 of 2nd period - Stopped by Ilya Sorokin without a rebound.
8:15 of 2nd period - Blake Wheeler wins face-off versus Jean-Gabriel Pageau in BOISE CARIBOUS zone.
8:21 of 2nd period - Blake Wheeler is hit by Dylan DeMelo and loses puck.
8:50 of 2nd period - Shot by Blake Wheeler.
8:50 of 2nd period - Deflect By Matthew Boldy.
8:50 of 2nd period - Shot Misses the Net.
8:52 of 2nd period - Shot by Noah Dobson.
8:52 of 2nd period - Shot Blocked by Charlie Coyle.
12:11 of 2nd period - Icing by Jordan Staal.
12:12 of 2nd period - Jesperi Kotkaniemi wins face-off versus Jordan Staal in LOS ANGELES SEALS zone.
13:13 of 2nd period - Noah Dobson is hit by Tim Stutzle and loses puck.
13:42 of 2nd period - Shot by Matthew Boldy.
13:42 of 2nd period - Stopped by Ilya Sorokin with a rebound.
13:45 of 2nd period - Icing by Rasmus Dahlin.
13:46 of 2nd period - Vincent Trocheck wins face-off versus Mason McTavish in BOISE CARIBOUS zone.
13:58 of 2nd period - Shot by Matt Duchene.
13:58 of 2nd period - Shot Misses the Net.
14:34 of 2nd period - Shot by Jean-Gabriel Pageau.
14:34 of 2nd period - Shot Blocked by Brent Burns.
14:53 of 2nd period - Artturi Lehkonen is hit by Noah Dobson and loses puck.
15:06 of 2nd period - Shot by Blake Wheeler.
15:06 of 2nd period - Stopped by Ilya Sorokin with a rebound.
15:15 of 2nd period - Icing by Olli Maatta.
15:16 of 2nd period - Jean-Gabriel Pageau wins face-off versus David Krejci in BOISE CARIBOUS zone.
15:38 of 2nd period - Shot by Claude Giroux.
15:38 of 2nd period - Deflect By Nikita Kucherov.
15:38 of 2nd period - Shot Misses the Net.
15:40 of 2nd period - Shot by Noah Dobson.
15:40 of 2nd period - Shot Misses the Net.
15:42 of 2nd period - Shot by Noah Dobson.
15:42 of 2nd period - Stopped by Ilya Sorokin with a rebound.
16:06 of 2nd period - Icing by Moritz Seider.
16:07 of 2nd period - Steven Stamkos wins face-off versus Gabriel Vilardi in BOISE CARIBOUS zone.
16:20 of 2nd period - Shot by Blake Wheeler.
16:20 of 2nd period - Deflect By Steven Stamkos.
16:20 of 2nd period - Shot Misses the Net.
16:30 of 2nd period - Shot by Gabriel Vilardi.
16:30 of 2nd period - Stopped by Marc-Andre Fleury without a rebound.
16:31 of 2nd period - Vincent Trocheck wins face-off versus Mason McTavish in LOS ANGELES SEALS zone.
16:38 of 2nd period - Shot by Vincent Trocheck.
16:38 of 2nd period - Shot Misses the Net.
16:45 of 2nd period - Tim Stutzle is hit by Brandon Carlo and loses puck.
17:53 of 2nd period - Minor Penalty to Lawson Crouse for Interference.
17:54 of 2nd period - Jean-Gabriel Pageau wins face-off versus Steven Stamkos in BOISE CARIBOUS zone.
18:37 of 2nd period - Shot by Claude Giroux.
18:37 of 2nd period - Shot Misses the Net.
18:39 of 2nd period - Shot by Brent Burns.
18:39 of 2nd period - Shot Misses the Net.
18:55 of 2nd period - Shot by Drew Doughty.
18:55 of 2nd period - Shot Misses the Net.
18:57 of 2nd period - Shot by Mason McTavish.
18:57 of 2nd period - Shot Blocked by Rasmus Dahlin.
18:59 of 2nd period - Shot by Matthew Boldy.
18:59 of 2nd period - Stopped by Ilya Sorokin without a rebound.
19:00 of 2nd period - Vincent Trocheck wins face-off versus Mason McTavish in BOISE CARIBOUS zone.
19:26 of 2nd period - Icing by Blake Wheeler.
19:27 of 2nd period - Mason McTavish wins face-off versus Jean-Gabriel Pageau in LOS ANGELES SEALS zone.
19:29 of 2nd period - Icing by Blake Wheeler.
19:30 of 2nd period - Vincent Trocheck wins face-off versus Mason McTavish in LOS ANGELES SEALS zone.
19:39 of 2nd period - Shot by Drew Doughty.
19:39 of 2nd period - Stopped by Ilya Sorokin without a rebound.
19:40 of 2nd period - Steven Stamkos wins face-off versus Jean-Gabriel Pageau in BOISE CARIBOUS zone.
19:59 of 2nd period - Jordan Staal is hit by Gabriel Vilardi and loses puck.
Goals for this period are 0 for BOISE CARIBOUS vs 0 for LOS ANGELES SEALS.
Shots for this period are 3 for BOISE CARIBOUS vs 12 for LOS ANGELES SEALS.

3rd period


0:01 of 3rd period - Jean-Gabriel Pageau wins face-off versus David Krejci in neutral zone.
0:04 of 3rd period - Gustav Forsling is hit by Jean-Gabriel Pageau and loses puck.
0:41 of 3rd period - Shot by Artturi Lehkonen.
0:41 of 3rd period - Shot Misses the Net.
0:45 of 3rd period - Shot by Artturi Lehkonen.
0:45 of 3rd period - Shot Misses the Net.
2:25 of 3rd period - Shot by Owen Tippett.
2:25 of 3rd period - Shot Blocked by Matt Duchene.
2:30 of 3rd period - Icing by Rasmus Andersson.
2:31 of 3rd period - Vincent Trocheck wins face-off versus Mason McTavish in BOISE CARIBOUS zone.
3:16 of 3rd period - Shot by Lawson Crouse.
3:16 of 3rd period - Deflect By Gabriel Vilardi.
3:16 of 3rd period - Shot Hit the Post.
3:59 of 3rd period - Shot by Artturi Lehkonen.
3:59 of 3rd period - Shot Misses the Net.
4:01 of 3rd period - Shot by Jean-Gabriel Pageau.
4:01 of 3rd period - Deflect By Artturi Lehkonen.
4:01 of 3rd period - Stopped by Marc-Andre Fleury with a rebound.
4:03 of 3rd period - Shot by Charlie Coyle.
4:03 of 3rd period - Stopped by Marc-Andre Fleury without a rebound.
4:04 of 3rd period - Jesperi Kotkaniemi wins face-off versus Steven Stamkos in LOS ANGELES SEALS zone.
4:05 of 3rd period - Shot by Kaapo Kakko.
4:05 of 3rd period - Stopped by Marc-Andre Fleury without a rebound.
4:06 of 3rd period - Steven Stamkos wins face-off versus Jesperi Kotkaniemi in LOS ANGELES SEALS zone.
4:21 of 3rd period - Shot by Matthew Boldy.
4:21 of 3rd period - Goal by Matthew Boldy - BOISE CARIBOUS : 0 - LOS ANGELES SEALS : 2.
4:22 of 3rd period - Jean-Gabriel Pageau wins face-off versus David Krejci in neutral zone.
4:29 of 3rd period - Shot by Artturi Lehkonen.
4:29 of 3rd period - Shot Misses the Net.
4:31 of 3rd period - Shot by Charlie Coyle.
4:31 of 3rd period - Shot Blocked by Gustav Forsling.
4:33 of 3rd period - Shot by Charlie Coyle.
4:33 of 3rd period - Stopped by Marc-Andre Fleury without a rebound.
4:34 of 3rd period - Steven Stamkos wins face-off versus Gabriel Vilardi in LOS ANGELES SEALS zone.
5:55 of 3rd period - Shot by Nikita Kucherov.
5:55 of 3rd period - Shot Misses the Net.
6:39 of 3rd period - Shot by Tim Stutzle.
6:39 of 3rd period - Shot Blocked by Brandon Carlo.
6:59 of 3rd period - Shot by Matt Duchene.
6:59 of 3rd period - Shot Misses the Net.
7:01 of 3rd period - Shot by Matt Duchene.
7:01 of 3rd period - Deflect By Vincent Trocheck.
7:01 of 3rd period - Shot Blocked by Brandon Carlo.
7:03 of 3rd period - Shot by Tim Stutzle.
7:03 of 3rd period - Goal by Tim Stutzle - BOISE CARIBOUS : 1 - LOS ANGELES SEALS : 2.
7:04 of 3rd period - Steven Stamkos wins face-off versus Kaapo Kakko in neutral zone.
7:12 of 3rd period - Icing by Rasmus Dahlin.
7:13 of 3rd period - Jesperi Kotkaniemi wins face-off versus Matthew Boldy in BOISE CARIBOUS zone.
7:21 of 3rd period - Rasmus Dahlin is hit by Brent Burns and loses puck.
7:29 of 3rd period - Rasmus Dahlin is hit by Drew Doughty and loses puck.
7:35 of 3rd period - Minor Penalty to Rasmus Dahlin for Holding.
7:36 of 3rd period - Steven Stamkos wins face-off versus Vincent Trocheck in BOISE CARIBOUS zone.
9:25 of 3rd period - Icing by Drew Doughty.
9:26 of 3rd period - Jean-Gabriel Pageau wins face-off versus Mason McTavish in LOS ANGELES SEALS zone.
9:39 of 3rd period - Shot by Zach Parise.
9:39 of 3rd period - Shot Misses the Net.
10:01 of 3rd period - Shot by Lawson Crouse.
10:01 of 3rd period - Goal by Lawson Crouse - BOISE CARIBOUS : 2 - LOS ANGELES SEALS : 2.
10:02 of 3rd period - David Krejci wins face-off versus Vincent Trocheck in neutral zone.
11:20 of 3rd period - Shot by Steven Stamkos.
11:20 of 3rd period - Goal by Steven Stamkos - BOISE CARIBOUS : 2 - LOS ANGELES SEALS : 3.
11:21 of 3rd period - Gabriel Vilardi wins face-off versus Owen Tippett in neutral zone.
11:45 of 3rd period - Icing by Rasmus Andersson.
11:46 of 3rd period - Steven Stamkos wins face-off versus Lawson Crouse in BOISE CARIBOUS zone.
12:28 of 3rd period - Icing by Rasmus Dahlin.
12:29 of 3rd period - Gabriel Vilardi wins face-off versus David Krejci in BOISE CARIBOUS zone.
12:44 of 3rd period - Icing by Claude Giroux.
12:45 of 3rd period - David Krejci wins face-off versus Jean-Gabriel Pageau in LOS ANGELES SEALS zone.
13:49 of 3rd period - Off-side.
13:50 of 3rd period - Jesperi Kotkaniemi wins face-off versus Steven Stamkos in neutral zone.
13:56 of 3rd period - Andrew Cogliano is hit by Drew Doughty and loses puck.
14:07 of 3rd period - Andrew Cogliano is hit by Blake Wheeler.
14:35 of 3rd period - Icing by Matthew Boldy.
14:36 of 3rd period - Steven Stamkos wins face-off versus Vincent Trocheck in LOS ANGELES SEALS zone.
15:00 of 3rd period - Icing by Olli Maatta.
15:01 of 3rd period - Vincent Trocheck wins face-off versus Zach Parise in BOISE CARIBOUS zone.
15:39 of 3rd period - Icing by Tim Stutzle.
15:40 of 3rd period - Vincent Trocheck wins face-off versus David Krejci in BOISE CARIBOUS zone.
15:40 of 3rd period - Vincent Trocheck is hit by David Krejci.
15:43 of 3rd period - Matt Duchene is hit by David Krejci and loses puck.
16:04 of 3rd period - Shot by Jean-Gabriel Pageau.
16:04 of 3rd period - Shot Misses the Net.
16:31 of 3rd period - Shot by Jean-Gabriel Pageau.
16:31 of 3rd period - Shot Misses the Net.
16:33 of 3rd period - Shot by Jean-Gabriel Pageau.
16:33 of 3rd period - Shot Blocked by Alex Goligoski.
16:35 of 3rd period - Shot by Jean-Gabriel Pageau.
16:35 of 3rd period - Stopped by Marc-Andre Fleury without a rebound.
16:36 of 3rd period - Gabriel Vilardi wins face-off versus Steven Stamkos in LOS ANGELES SEALS zone.
16:59 of 3rd period - Shot by Gabriel Vilardi.
16:59 of 3rd period - Stopped by Marc-Andre Fleury with a rebound.
17:01 of 3rd period - Shot by Gabriel Vilardi.
17:01 of 3rd period - Shot Misses the Net.
17:03 of 3rd period - Shot by Lawson Crouse.
17:03 of 3rd period - Shot Misses the Net.
17:05 of 3rd period - Shot by Phil Kessel.
17:05 of 3rd period - Stopped by Marc-Andre Fleury with a rebound.
17:07 of 3rd period - Shot by Rasmus Dahlin.
17:07 of 3rd period - Shot Blocked by Steven Stamkos.
17:09 of 3rd period - Shot by Rasmus Dahlin.
17:09 of 3rd period - Shot Blocked by Noah Dobson.
18:03 of 3rd period - Shot by Matt Duchene.
18:03 of 3rd period - Stopped by Marc-Andre Fleury without a rebound.
18:04 of 3rd period - Jean-Gabriel Pageau wins face-off versus David Krejci in LOS ANGELES SEALS zone.
18:13 of 3rd period - Shot by Jean-Gabriel Pageau.
18:13 of 3rd period - Stopped by Marc-Andre Fleury without a rebound.
18:14 of 3rd period - Jean-Gabriel Pageau wins face-off versus David Krejci in LOS ANGELES SEALS zone.
18:31 of 3rd period - BOISE CARIBOUS, Ilya Sorokin is pulled from the net.
18:33 of 3rd period - Shot by Artturi Lehkonen.
18:33 of 3rd period - Stopped by Marc-Andre Fleury without a rebound.
18:34 of 3rd period - Jordan Staal wins face-off versus Vincent Trocheck in LOS ANGELES SEALS zone.
18:58 of 3rd period - Vincent Trocheck is hit by Alex Goligoski and loses puck.
19:46 of 3rd period - Icing by Alex Goligoski.
19:47 of 3rd period - Jordan Staal wins face-off versus Matt Duchene in LOS ANGELES SEALS zone.
Goals for this period are 2 for BOISE CARIBOUS vs 2 for LOS ANGELES SEALS.
Shots for this period are 12 for BOISE CARIBOUS vs 2 for LOS ANGELES SEALS.


BLAKE
WHEELER
STEVEN
STAMKOS
DREW
DOUGHTY

EAST COAST

HOCKEY LEAGUE

  • 63.RHI2PIT5
  • 64.WOR4ATL3
  • 65.QUECHW
  • 66.CHATRV